 Dungeon Crawl Stone Soup version 0.23.2-33-g5129a83184 (webtiles) character file.

Game seed: 3119298624151726575

65494 Exodus22XD the Unseen (level 14, 0/69 HPs)
             Began as a Felid Enchanter on June 29, 2019.
             Was the Champion of Dithmenos.
             Slain by a demonic crawler (2 damage)
             ... on level 1 of the Spider Nest on June 30, 2019.
             The game lasted 05:23:04 (34213 turns).

Exodus22XD the Unseen (Felid Enchanter)            Turns: 34213, Time: 05:23:05

Health: 0/69       AC:  8    Str:  9    XL:     14   Next: 75%
Magic:  28/28      EV: 27    Int: 18    God:    Dithmenos [******]
Gold:   1978       SH:  4    Dex: 19    Spells: 2/31 levels left
                                        Lives:  0   Deaths: 4

rFire    . . .     SeeInvis +     - Unarmed
rCold    + . .     Gourm    .   (shield unavailable)
rNeg     . . .     Faith    .   (armour unavailable)
rPois    +         Spirit   .   (helmet unavailable)
rElec    .         Reflect  +   (cloak unavailable)
rCorr    .         Harm     .   (gloves unavailable)
MR       ++...                  (boots unavailable)
Stlth    ++++++++++             p - amulet "Suttul" {Reflect Str+5 Dex-3 SH+4}
HPRegen  0.21/turn              v - +5 ring of protection
MPRegen  0.21/turn              Q - ring of poison resistance

@: very slightly contaminated, wreathed by umbra, invisible, quick
A: very small, no armour, no weapons or thrown items, stealth, claws 1, fangs 3,
see invisible, carnivore, speed 1, shaggy fur 3, slow metabolism 1, sharp paws
a: Shadow Step, Shadow Form, Renounce Religion


You were on level 1 of the Spider Nest.
You worshipped Dithmenos.
Dithmenos was exalted by your worship.
You were not hungry.

You visited 5 branches of the dungeon, and saw 25 of its levels.
You visited the Abyss 1 time.
You also visited: Ice Cave.

You collected 2518 gold pieces.
You spent 540 gold pieces at shops.

Inventory:

Jewellery
 f - an uncursed amulet of harm
 p - the amulet "Suttul" (around neck) {Reflect Str+5 Dex-3 SH+4}
   (You found it on level 5 of the Lair of Beasts)

   [amulet of reflection]

   It shields you and reflects attacks.
   It affects your strength (+5).
   It affects your dexterity (-3).
   It affects your SH (+4).
 s - an uncursed amulet of the acrobat
 v - a +5 ring of protection (left paw)
 x - an uncursed ring of resist corrosion
 z - a cursed amulet of inaccuracy {unknown}
 F - an uncursed ring of positive energy
 O - a +3 ring of dexterity
 Q - a ring of poison resistance (right paw)
 R - the ring "Ytamul Dosmo" {MP+9 Int+3 Dex+2 Slay-4}
   (You found it on level 15 of the Dungeon)

   [ring of magical power]

   It affects your intelligence (+3).
   It affects your dexterity (+2).
   It affects your accuracy and damage with ranged weapons and melee attacks
   (-4).
   It affects your magic capacity (+9).
 S - an uncursed amulet of faith {unknown}
 T - an uncursed ring of stealth {unknown}
 V - a +4 amulet of reflection
Wands
 q - a wand of scattershot (6)
 u - a wand of polymorph (13)
 y - a wand of flame (16)
 B - a wand of random effects (43)
 I - a wand of digging (14)
 J - a wand of acid (7)
 P - a wand of enslavement (7)
 W - a wand of paralysis (21)
Scrolls
 a - 8 scrolls of remove curse
 c - 6 scrolls of teleportation
 d - a scroll of torment {unknown}
 g - a scroll of silence
 j - 2 scrolls of immolation
 k - 13 scrolls of magic mapping
 l - 2 scrolls of amnesia
 t - 3 scrolls of fear
 C - 2 scrolls of vulnerability {unknown}
 D - 6 scrolls of fog
 K - a scroll of acquirement {unknown}
 M - a scroll of random uselessness {unknown}
 N - 2 scrolls of summoning {unknown}
 X - a scroll of brand weapon {unknown}
Potions
 e - 2 potions of cancellation
 h - 2 potions of magic
 i - a potion of might {unknown}
 m - 2 potions of ambrosia {unknown}
 n - 2 potions of resistance {unknown}
 o - 4 potions of agility
 r - 5 potions of lignification
 w - 3 potions of haste
 A - 2 potions of brilliance
 E - a potion of mutation {unknown}
 G - 3 potions of flight
 H - a potion of invisibility
 L - a potion of curing
Miscellaneous
 U - a lightning rod (4/4)
Comestibles
 b - 36 rations


   Skills:
 - Level 12.0 Fighting
 - Level 10.0 Dodging
 - Level 17.1 Stealth
 - Level 11.1 Unarmed Combat
 - Level 9.1 Spellcasting
 - Level 15.2 Hexes
 + Level 9.7 Transmutations
 - Level 0.9 Invocations
 - Level 11.2 Evocations


You had 2 spell levels left.
You knew the following spells:

 Your Spells              Type           Power        Failure   Level  Hunger
a - Corona                Hex            ######.      0%          1    None
b - Ensorcelled Hibernat  Hex/Ice        #####.       1%          2    None
c - Confuse               Hex            ######..     1%          3    None
d - Invisibility          Hex            ######..     2%          6    ######.
e - Tukima's Dance        Hex            ######..     1%          3    None
f - Dazzling Spray        Conj/Hex       #####.       1%          3    None
g - Confusing Touch       Hex            ######       0%          1    None
h - Yara's Violent Unrav  Hex/Tmut       ######....   1%          5    #####..
i - Blade Hands           Tmut           #####.....   4%          5    #####..

Your spell library contained the following spells:

 Spells                   Type           Power        Failure   Level  Hunger
 Beastly Appendage        Tmut           #####.       1%          1    None
 Sticks to Snakes         Tmut           #####...     1%          2    None
 Spider Form              Tmut/Pois      ####......   3%          3    None
 Leda's Liquefaction      Hex/Erth       #####.....   3%          4    ###....
 Metabolic Englaciation   Hex/Ice        #####.....   11%         5    #####..
 Ice Form                 Ice/Tmut       ####....     12%         4    ###....
 Petrify                  Tmut/Erth      ####....     12%         4    ###....
 Gell's Gravitas          Tloc           #.........   26%         3    None
 Mephitic Cloud           Conj/Pois/Air  #.......     26%         3    None
 Recall                   Summ/Tloc      N/A          26%         3    None
 Animate Dead             Necr           N/A          65%         4    ###....
 Statue Form              Tmut/Erth      ####.....    88%         6    ######.
 Bolt of Magma            Conj/Fire/Erth #.........   94%         5    #####..
 Borgnjor's Vile Clutch   Necr/Erth      #.........   94%         5    #####..
 Iskenderun's Battlesphe  Conj/Chrm      #.......     94%         5    #####..
 Lee's Rapid Deconstruct  Erth           #.........   94%         5    #####..
 Venom Bolt               Conj/Pois      #.........   94%         5    #####..
 Death Channel            Necr           #.........   100%        6    ######.
 Iron Shot                Conj/Erth      #.........   100%        6    ######.
 Simulacrum               Ice/Necr       #.........   100%        6    ######.
 Orb of Destruction       Conj           #.........   100%        7    #######
 Ring of Flames           Chrm/Fire      #.........   100%        7    #######
 Spellforged Servitor     Conj/Summ      #.........   100%        7    #######
 Shatter                  Erth           #.........   100%        9    #######


Dungeon Overview and Level Annotations

Branches:
Dungeon (15/15)            Temple (1/1) D:4            Lair (6/6) D:11
 Shoals (0/4) Lair:4       Spider (1/4) Lair:2        Slime (0/5) Lair:6
    Orc (2/2) D:10            Elf (0/3) Orc:2        Vaults (0/5) D:14
 Depths (0/5) D:15

Altars:
Ashenzari
Dithmenos
Gozag
Nemelex Xobeh
Qazlal
Trog
Uskayaw
Yredelemnul
Beogh

Shops:
D:11 [   Orc:1 (:   Orc:2 [[[:

Portals:
Trove: D:10 (give 7 potions of haste)

Annotations:
D:14 Azrael
Lair:2 exclusion: 2 oklob plants


Innate Abilities, Weirdness & Mutations

You cannot wear armour.
You are incapable of wielding weapons or throwing items.
Your paws allow you to move quietly. (Stealth)
You have sharp claws.
You have razor-sharp teeth.
You have supernaturally acute eyesight. (SInv)
You are carnivorous and can eat meat at any time.
You cover ground quickly.
Your thick and shaggy fur keeps you warm. (AC +3, rC+)
You have a slow metabolism.
Your sharp claws are effective at attacking unaware monsters.


Message History

You struggle to detach yourself from the web.
You disentangle yourself.
You feel yourself slow down.
The helpless redback fails to defend itself.
You eviscerate the redback!!!!!
You kill the redback!
Dithmenos accepts your kill.
The demonic crawler gives a hideous shriek!
You hear an angry hiss.
The demonic crawler completely misses you.
The demonic crawler hits you.
* * * LOW HITPOINT WARNING * * *
The demonic crawler misses you.
There is a crawl-hole back to the Lair here.
The demonic crawler completely misses you. x2
The demonic crawler misses you. You block the demonic crawler's attack.
The demonic crawler hits you!
* * * LOW HITPOINT WARNING * * *
The demonic crawler hits you.
You die...

#.#.......#..............#######.
#.......#......#............#####
#.............................)##
......a.s.......#...#.#.^#.....$#
...##.#......#........#....##^..%
...#..................#...##^#.#.
.....$..s#..#......!..##..#.}.#..
....#..........s......##.#.#.##..
....).....s.....@.....##?...##...
^..#.#..............#.###/.....#.
###..........#....#....## .....
##.....#.......s......## #....
###..............#.a..#######.
#.........#.....s...§........
###......#...#.y..........#..
##....###...s.^.........y§.
#.#### #.....#........§#§.


You could see an entropy weaver (wandering), a spark wasp (wandering), a demonic
crawler, a wolf spider (wandering), a tarantella (wandering) and 2 redbacks.

Vanquished Creatures
  Kirke (D:12)
  A frost giant (D:15)
  An emperor scorpion (Spider:1)
  3 vault guards (D:15)
  7 hydras
  2 ogre magi (D:15)
  A deep troll shaman (D:15)
  5 two-headed ogres
  7 centaur warriors
  2 orc high priests (Orc:2)
  A tengu warrior (D:14)
  A deep troll earth mage (D:15)
  Sonja (D:12)
  9 skeletal warriors
  2 unseen horrors
  2 wizards (D:10)
  A deep elf archer (D:14)
  2 orc knights
  8 wolf spiders
  5 deep elf magi
  7 ugly things
  3 orb spiders (Spider:1)
  4 oklob plants
  2 manticores
  4 orc sorcerers (Orc:2)
  3 centaur zombies
  6 cyclopes
  A guardian serpent (D:15)
  Joseph (D:7)
  3 ice statues (IceCv)
  A black mamba (shapeshifter) (D:15)
  10 black mambas
  3 torpor snails
  A merfolk siren (Lair:4)
  A gargoyle (D:11)
  2 centaur skeletons (D:14)
  12 spiny frogs
  A rime drake (Orc:2)
  8 komodo dragons
  A freezing wraith (D:15)
  5 demonic crawlers
  5 trolls
  3 tengu conjurers
  13 jumping spiders
  7 hornets
  A hornet (shapeshifter) (D:13)
  7 polar bears
  Prince Ribbit (D:7)
  4 hippogriffs
  14 slime creatures
  10 dream sheep
  10 blink frogs
  A centaur simulacrum (D:14)
  9 tarantellas (Spider:1)
  2 spriggans
  13 redbacks
  3 wraiths
  38 yaks
  2 shadows (D:13)
  13 wyverns
  3 basilisks
  A fire elemental (Lair:1)
  6 hogs (D:12)
  2 hungry ghosts
  Menkaure (D:6)
  An acid dragon (D:15)
  24 water moccasins
  A floating eye (D:15)
  11 porcupines
  22 orc warriors
  3 sky beasts
  7 ice beasts
  7 phantoms
  4 black bears
  5 centaurs
  17 ogres
  22 wolves
  15 crocodiles
  18 bullfrogs
  2 troll zombies (D:10)
  A scorpion (Lair:2)
  8 killer bees
  5 wights (D:10)
  An electric eel (Lair:2)
  5 howler monkeys
  5 crimson imps
  2 quasits (D:10)
  2 bullfrog zombies
  11 hounds
  15 orc priests
  6 jellies
  33 orc wizards
  A bullfrog skeleton (D:7)
  5 iguanas
  14 worker ants
  6 ogre zombies (D:10)
  2 hound skeletons (D:4)
  A howler monkey zombie (D:9)
  2 worker ant zombies
  4 gnolls
  12 adders
  5 shadow imps
  An adder skeleton (D:4)
  An adder zombie (D:6)
  2 worms
  5 dart slugs
  8 leopard geckos
  64 orcs
  4 ball pythons
  4 giant cockroaches
  4 hobgoblins
  8 jackals
  3 quokkas
  6 bats
  4 frilled lizards
  6 goblins
  A goblin skeleton (D:10)
  3 goblin zombies
  A hobgoblin skeleton (D:10)
  3 hobgoblin zombies (D:10)
  17 kobolds
  4 orc skeletons (D:10)
  12 orc zombies (D:10)
  8 rats
  2 plants
786 creatures vanquished.

Vanquished Creatures (others)
  An orb spider (Spider:1)
  2 dancing weapons (Orc:2)
  A tengu conjurer (D:14)
  A yak (Lair:1)
  An ice beast (D:14)
  A bullfrog (D:14)
  An orc wizard (Orc:2)
  A shadow imp (D:14)
  An orc (Orc:2)
  18 fungi
  27 plants
55 creatures vanquished.

Grand Total: 841 creatures vanquished

Notes
Turn   | Place    | Note
-------+----------+-------------------------------------------
     0 | D:1      | Exodus22XD the Felid Enchanter began the quest for the Orb.
     0 | D:1      | Reached XP level 1. HP: 7/7 MP: 4/4
   391 | D:1      | Reached XP level 2. HP: 9/11 MP: 6/6
   398 | D:1      | Reached skill level 5 in Stealth
   723 | D:2      | Found a basalt altar of Yredelemnul.
   773 | D:2      | Found a faded altar of an unknown god.
  1571 | D:2      | Learned a level 2 spell: Ensorcelled Hibernation
  2058 | D:2      | Reached XP level 3. HP: 12/14 MP: 2/7
  2994 | D:3      | Reached skill level 6 in Stealth
  3358 | D:3      | Reached XP level 4. HP: 18/18 MP: 1/8
  3863 | D:4      | Reached XP level 5. HP: 21/21 MP: 4/9
  3894 | D:4      | Found a staircase to the Ecumenical Temple.
  3903 | Temple   | Entered the Ecumenical Temple
  3921 | Temple   | Became a worshipper of Dithmenos the Shadowed
  4058 | D:4      | Reached skill level 7 in Stealth
  4386 | D:5      | Entered Level 5 of the Dungeon
  4477 | D:5      | Noticed an ice beast
  4497 | D:4      | Learned a level 3 spell: Confuse
  4809 | D:5      | Reached skill level 5 in Hexes
  4930 | D:5      | Gained mutation: You are covered in thick fur. (AC +2)
                  | [Felid growth]
  4930 | D:5      | Reached XP level 6. HP: 24/24 MP: 10/10
  6306 | D:6      | Reached skill level 8 in Stealth
  6444 | D:6      | Reached skill level 9 in Stealth
  6720 | D:6      | Noticed Menkaure
  7078 | D:6      | Reached * piety under Dithmenos
  7196 | D:6      | Reached XP level 7. HP: 27/27 MP: 8/11
  7303 | D:6      | Reached skill level 10 in Stealth
  7702 | D:6      | Killed Menkaure
  7894 | D:7      | Noticed Joseph
  8342 | D:7      | Reached skill level 11 in Stealth
  8368 | D:7      | Reached XP level 8. HP: 28/31 MP: 6/12
  8561 | D:7      | Noticed Prince Ribbit
  8580 | D:7      | Killed Prince Ribbit
  8580 | D:7      | Reached skill level 12 in Stealth
  8624 | D:7      | Found a shattered altar of Ashenzari.
  9128 | D:7      | Reached skill level 1 in Fighting
  9835 | D:8      | Noticed a two-headed ogre
  9897 | D:8      | Slain by a two-headed ogre
  9898 | D:8      | Reached XP level 7. HP: -1/31 MP: 7/11
  9932 | D:8      | Killed a two-headed ogre
  9932 | D:8      | Reached skill level 10 in Hexes
  9932 | D:8      | Reached XP level 8. HP: 34/34 MP: 1/12
 10248 | D:8      | Reached ** piety under Dithmenos
 10375 | D:9      | Reached skill level 5 in Dodging
 10446 | D:9      | Reached XP level 9. HP: 37/37 MP: 10/13
 10576 | D:9      | Reached skill level 5 in Unarmed Combat
 10761 | D:9      | Noticed a cyclops
 11131 | D:10     | Entered Level 10 of the Dungeon
 11143 | D:10     | Reached skill level 5 in Fighting
 11264 | D:10     | Noticed a wizard
 11286 | D:10     | Noticed a wizard
 11289 | D:10     | Cast into level 2 of the Abyss (a wizard)
 11348 | Abyss:2  | Noticed a hellion
 11355 | Abyss:2  | Noticed a thrashing horror
 11456 | D:10     | Escaped the Abyss
 12118 | D:10     | Noticed a deep elf mage
 12209 | D:10     | Found a staircase to the Orcish Mines.
 12257 | D:10     | Reached *** piety under Dithmenos
 12857 | D:11     | Reached XP level 10. HP: 12/44 MP: 1/18
 13217 | D:11     | Noticed a two-headed ogre
 13224 | D:11     | Killed a two-headed ogre
 13224 | D:11     | Reached skill level 13 in Stealth
 13410 | D:11     | Noticed a gargoyle
 13482 | D:11     | Killed a gargoyle
 13482 | D:11     | Reached skill level 14 in Stealth
 13490 | D:11     | Found a staircase to the Lair.
 13498 | D:11     | Noticed an oklob plant
 13503 | D:11     | Found Rebag's Antique Armour Shop.
 13785 | D:10     | Found a portal to a secret trove of treasure.
 13831 | D:10     | Killed a deep elf mage
 13840 | D:10     | Reached **** piety under Dithmenos
 13865 | D:10     | Identified the Tome of Dhcmrlchtdj
 13872 | D:10     | Identified Ts'ui Pên's Tome of Forking Paths
 13896 | D:10     | Noticed a deep elf mage
 13903 | D:10     | Killed a deep elf mage
 13911 | D:10     | Identified the Catalogue of Plaster Cramp
 13931 | D:10     | Learned a level 6 spell: Invisibility
 13984 | D:10     | Killed a wizard
 14047 | D:10     | Killed from afar by a wizard
 14048 | D:10     | Reached XP level 9. HP: -6/40 MP: 9/17
 14220 | D:11     | Killed an oklob plant
 14220 | D:11     | Reached XP level 10. HP: 44/44 MP: 14/18
 14266 | Lair:1   | Entered Level 1 of the Lair of Beasts
 14589 | Lair:1   | Noticed a spiny frog
 14614 | Lair:1   | Killed a spiny frog
 14868 | Lair:1   | Noticed a spiny frog
 14881 | Lair:1   | Killed a spiny frog
 15018 | Lair:1   | Noticed a black mamba
 15031 | Lair:1   | Killed a black mamba
 15031 | Lair:1   | Reached skill level 15 in Stealth
 15237 | Lair:1   | Reached XP level 11. HP: 33/47 MP: 19/19
 15896 | Lair:2   | Reached ***** piety under Dithmenos
 16226 | Lair:2   | You fall through a shaft!
 16413 | Lair:3   | You fall through a shaft for 3 floors!
 16413 | Lair:6   | Entered Level 6 of the Lair of Beasts
 16432 | Lair:6   | HP: 2/48 [wyvern (16)]
 16747 | Lair:6   | Noticed a four-headed hydra
 16761 | Lair:6   | Mangled by a blink frog
 16762 | Lair:6   | Reached XP level 10. HP: -11/49 MP: 18/18
 16762 | Lair:6   | Noticed a black mamba
 16770 | Lair:6   | Reached XP level 11. HP: 52/52 MP: 12/19
 16980 | Lair:6   | Noticed a wolf spider
 17028 | Lair:6   | Killed a wolf spider
 17187 | Lair:6   | Noticed a six-headed hydra
 17603 | Lair:5   | Reached skill level 10 in Fighting
 17616 | Lair:5   | Reached skill level 5 in Spellcasting
 18066 | Lair:5   | Noticed an eight-headed hydra
 18204 | Lair:5   | Got a coiled diamond amulet
 18331 | Lair:5   | Noticed a four-headed hydra
 18349 | Lair:5   | Killed a four-headed hydra
 18788 | Lair:5   | Killed an eight-headed hydra
 19114 | Lair:6   | Gained mutation: Your thick and shaggy fur keeps you warm.
                  | (AC +3, rC+) [Felid growth]
 19114 | Lair:6   | Reached XP level 12. HP: 38/58 MP: 13/24
 19345 | Lair:6   | Reached skill level 1 in Evocations
 20159 | Lair:6   | Reached skill level 5 in Evocations
 20908 | Lair:4   | Found a staircase to the Shoals.
 21372 | Lair:3   | Reached ****** piety under Dithmenos
 21375 | Lair:3   | Noticed a six-headed hydra
 21382 | Lair:3   | Killed a six-headed hydra
 21490 | Lair:3   | Noticed a five-headed hydra
 21593 | Lair:3   | Killed a five-headed hydra
 21708 | Lair:3   | Reached skill level 10 in Unarmed Combat
 21916 | Lair:3   | Reached XP level 13. HP: 61/61 MP: 26/26
 22051 | Lair:2   | Found a hole to the Spider Nest.
 22100 | Lair:2   | HP: 3/61 [poisoned by a redback]
 22108 | Lair:3   | HP: 3/61 [poisoned by a redback]
 22756 | Lair:6   | Found a staircase to the Slime Pits.
 23239 | Lair:2   | Reached skill level 16 in Stealth
 23640 | D:12     | Noticed Kirke
 23961 | D:12     | Noticed Sonja
 23968 | D:12     | Killed Sonja
 24186 | D:13     | You fall through a shaft for 2 floors!
 24186 | D:15     | Entered Level 15 of the Dungeon
 24186 | D:15     | Found a staircase to the Depths.
 24187 | D:15     | Noticed a frost giant
 24188 | D:15     | Killed a frost giant
 24355 | D:15     | Paralysed by a floating eye for 3 turns
 24405 | D:15     | Reached skill level 10 in Evocations
 24414 | D:15     | Got a warped lead ring
 24418 | D:15     | Identified the amulet "Suttul" {Reflect Str+5 Dex-3 SH+4}
                  | (You found it on level 5 of the Lair of Beasts)
 24420 | D:15     | Identified the ring "Ytamul Dosmo" {MP+9 Int+3 Dex+2
                  | Slay-4} (You found it on level 15 of the Dungeon)
 24439 | D:15     | Found a shattered altar of Ashenzari.
 24568 | D:15     | Reached XP level 14. HP: 66/66 MP: 23/27
 24723 | D:15     | Learned a level 3 spell: Tukima's Dance
 24727 | D:15     | Learned a level 3 spell: Dazzling Spray
 25281 | D:14     | Noticed Azrael
 25450 | D:14     | Reached skill level 15 in Hexes
 25915 | D:14     | Found a gate to the Vaults.
 27263 | D:12     | Killed Kirke
 27571 | D:9      | Reached skill level 17 in Stealth
 27914 | D:7      | Killed Joseph
 28279 | D:3      | Found a stormy altar of Qazlal.
 29017 | Orc:1    | Entered Level 1 of the Orcish Mines
 29028 | Orc:1    | Found Jeitit's Antique Weapon Shop.
 29114 | Orc:1    | Found Heolyuh's Book Shop.
 29127 | Orc:1    | Bought a book of Misfortune for 240 gold pieces
 29129 | Orc:1    | Learned a level 1 spell: Confusing Touch
 29136 | Orc:1    | Learned a level 5 spell: Yara's Violent Unravelling
 29398 | Orc:1    | Reached XP level 15. HP: 72/72 MP: 29/29
 29419 | Orc:1    | Reached skill level 1 in Transmutations
 29957 | Orc:2    | Entered Level 2 of the Orcish Mines
 30076 | Orc:2    | Found a roughly hewn altar of Beogh.
 30450 | Orc:2    | Found a frozen archway.
 30627 | IceCv    | Entered an ice cave
 30810 | IceCv    | Reached skill level 5 in Transmutations
 31578 | Orc:2    | Found Afaqa's Antique Armour Emporium.
 31578 | Orc:2    | Found Vudeh's Book Shoppe.
 31578 | Orc:2    | Found Uguffeub's Armour Emporium.
 31584 | Orc:2    | Found Etowk's Antique Armour Shoppe.
 31633 | Orc:2    | Found a staircase to the Elven Halls.
 31725 | Orc:2    | Killed from afar by a soul eater
 31726 | Orc:2    | Reached XP level 14. HP: -3/69 MP: 23/28
 31860 | Orc:1    | Bought a book of Changes for 300 gold pieces
 31868 | Orc:1    | Learned a level 5 spell: Blade Hands
 32862 | Spider:1 | Entered Level 1 of the Spider Nest
 32906 | Spider:1 | HP: 2/69 [wolf spider (15)]
 33933 | Spider:1 | Noticed an emperor scorpion
 33954 | Spider:1 | Killed an emperor scorpion
 33954 | Spider:1 | Reached skill level 10 in Dodging
 33983 | Spider:1 | Noticed an entropy weaver
 34213 | Spider:1 | HP: 2/69 [demonic crawler (8)]
 34213 | Spider:1 | Slain by a demonic crawler

Skill      XL: |  1  2  3  4  5  6  7  8  9 10 11 12 13 14 15 |
---------------+----------------------------------------------+-----
Stealth        | 5 6 7 9 11 12 15 16 17 | 17.1
Unarmed Combat | 2 3 4 6 8 10 11 | 11.1
Hexes          | 5 10 7 14 15 | 15.2
Fighting       | 3 5 10 12 | 12.0
Dodging        | 5 6 8 9 10 | 10.0
Spellcasting   | 4 7 8 9 |  9.1
Evocations     | 6 10 11 | 11.2
Transmutations | 9 7 |  9.7
Invocations    | |  0.9

Action                   |  1- 3 |  4- 6 |  7- 9 | 10-12 | 13-15 || total
-------------------------+-------+-------+-------+-------+-------++-------
Melee: Unarmed           |   131 |    86 |   372 |   703 |   870 ||  2162
       Bite              |     8 |     8 |    34 |    73 |    86 ||   209
       Punch             |     1 |     1 |     9 |    14 |    31 ||    56
 Cast: Corona            |    13 |     3 |       |       |       ||    16
       Ensorcelled Hiber |    28 |    28 |    24 |       |       ||    80
       Confuse           |       |     3 |    80 |   123 |    78 ||   284
       Invisibility      |       |       |       |    21 |    24 ||    45
       Confusing Touch   |       |       |       |       |    21 ||    21
       Dazzling Spray    |       |       |       |       |    12 ||    12
       Tukima's Dance    |       |       |       |       |     7 ||     7
Invok: Shadow Step       |       |       |       |     1 |       ||     1
  Use: Scroll            |     3 |     3 |     9 |    14 |     8 ||    37
       Potion            |       |       |     4 |     9 |     4 ||    17
 Stab: Sleeping          |    24 |    27 |    27 |    58 |   147 ||   283
       Distracted        |     5 |     1 |     2 |     4 |    12 ||    24
       Confused          |       |     2 |    54 |    78 |    61 ||   195
       Invisible         |       |       |       |    89 |    97 ||   186
  Eat: Chunk             |     2 |    16 |    15 |    42 |    28 ||   103
       Ration            |     2 |       |       |     2 |     1 ||     5
Armor: Skin              |     6 |     1 |    30 |    32 |    51 ||   120
Dodge: Dodged            |    95 |    53 |   399 |   833 |   622 ||  2002
Block: Other             |       |       |       |       |    98 ||    98
       Reflection        |       |       |       |       |     3 ||     3
